 Dungeon Crawl Stone Soup version 0.26-a0-845-gfacbca91cf (webtiles) character file.

Game seed: 14628649156068576892

157637 Kinoniko the Imperceptible (level 18, -6/183 HPs)
             Began as a Kobold Berserker on Nov 19, 2020.
             Was the Champion of Trog.
             Mangled by the 27-headed Lernaean hydra (12 damage)
             ... on level 4 of the Swamp.
             The game lasted 00:45:21 (31897 turns).

Kinoniko the Imperceptible (Kobold Berserker)      Turns: 31897, Time: 00:45:22

Health: -6/183     AC:  7    Str: 17    XL:     18   Next: 33%
Magic:  0/18       EV: 22    Int: 13    God:    Trog [******]
Gold:   2889       SH:  7    Dex: 16    Spells: 17/17 levels left

rFire    + . .     SeeInvis +   V - +12 Vampire's Tooth {vamp}
rCold    + . .     Faith    .   O - +0 buckler
rNeg     + . .     Spirit   +   W - +2 robe of Vines {NoPotionHeal Regen+7}
rPois    +         Reflect  .   f - +0 helmet of Jigsaw {rN+ Regen+}
rElec    +         Harm     .   v - +1 cloak
rCorr    .         Rampage  .   (no gloves)
MR       +++..                  j - +2 pair of boots
Stlth    ..........             g - amulet of guardian spirit
HPRegen  4.60/turn              H - ring "Vorchinoqi" {+Inv rPois rC+ SInv}
MPRegen  0.16/turn              R - ring "Ofro" {*Corrode rElec rF+ Str-4 Int+3 Slay+4}

@: berserking (expiring), lethally poisoned (-6 -> -6), corroded, regenerating,
studying Stealth, quick
A: small, agile 1, nightstalker 3, sense surroundings 1
a: Berserk, Trog's Hand, Brothers in Arms, Renounce Religion, Evoke Invisibility


You were on level 4 of the Swamp.
You worshipped Trog.
Trog was exalted by your worship.
You visited 4 branches of the dungeon, and saw 27 of its levels.
You also visited: Gauntlet and Ice Cave.

You collected 3242 gold pieces.
You spent 353 gold pieces at shops.

Inventory:

Hand Weapons
 n - a +6 quick blade of flaming
 V - the +12 Vampire's Tooth (weapon) {vamp}
   (You acquired it in a Gauntlet)

   It inflicts no extra harm, but heals its wielder when it wounds a living foe.
Armour
 f - the +0 helmet of Jigsaw (worn) {rN+ Regen+}
   (You found it in a Gauntlet)

   It protects you from negative energy.
   It increases your rate of regeneration.
 j - a +2 pair of boots (worn)
 v - a +1 cloak (worn)
 O - a +0 buckler (worn)
 W - the +2 robe of Vines (worn) {NoPotionHeal Regen+7}
   (You found it on level 14 of the Dungeon)

   It increases your rate of regeneration.
Jewellery
 d - a +6 ring of intelligence
 g - an amulet of guardian spirit (around neck)
 h - the ring "Yxuiw" {*Contam MP+9 Str+4 Stlth+}
   (You found it on level 11 of the Dungeon)

   [ring of magical power]

   It affects your strength (+4).
   It affects your magic capacity (+9).
   It causes magical contamination when unequipped.
   It makes you more stealthy.
 o - an uncursed ring of protection from cold
 p - a +4 ring of evasion
 y - a +4 ring of evasion
 C - the ring of Salvation {rPois MP+9 SInv}
   (You found it on level 4 of the Lair of Beasts)

   [ring of magical power]

   It protects you from poison.
   It affects your magic capacity (+9).
   It lets you see invisible.
 H - the ring "Vorchinoqi" (left hand) {+Inv rPois rC+ SInv}
   (You found it on level 6 of the Dungeon)

   [ring of protection from cold]

   It protects you from cold.
   It protects you from poison.
   It lets you see invisible.
   It lets you turn invisible.
 R - the ring "Ofro" (right hand) {*Corrode rElec rF+ Str-4 Int+3 Slay+4}
   (You took it off an orc warrior on level 14 of the Dungeon)

   [ring of strength]

   It affects your strength (-4).
   It affects your intelligence (+3).
   It affects your accuracy and damage with ranged weapons and melee attacks
   (+4).
   It protects you from fire.
   It insulates you from electricity.
   It may corrode you when you take damage.
 Y - the ring "Jaunah" {+Fly rF- rN+ rCorr Str+3}
   (You found it in a Gauntlet)

   [ring of resist corrosion]

   It affects your strength (+3).
   It makes you vulnerable to fire.
   It protects you from negative energy.
   It lets you fly.
   It provides partial protection from all sources of acid and corrosion.
Wands
 k - a wand of enslavement (9)
 t - a wand of flame (67)
 G - a wand of iceblast (37)
 J - a wand of paralysis (42)
 M - a wand of acid (19)
 N - a wand of polymorph (12)
 P - a wand of digging (12)
Scrolls
 b - 2 scrolls of fear
 c - 3 scrolls of enchant weapon
 e - 2 scrolls of fog
 r - 3 scrolls of holy word
 u - 10 scrolls of teleportation
 x - 2 scrolls of torment
 A - 7 scrolls of magic mapping
 K - 3 scrolls of silence
 L - a scroll of identify
 S - 11 scrolls of remove curse
 T - a scroll of blinking
 U - 2 scrolls of summoning
Potions
 i - 3 potions of might
 l - 3 potions of heal wounds
 m - 3 potions of lignification
 q - 3 potions of flight
 s - 3 potions of mutation
 w - 4 potions of haste
 z - a potion of magic
 D - a potion of resistance
 E - 2 potions of curing
 F - 2 potions of cancellation
 X - 3 potions of ambrosia
Books
 B - a manual of Stealth
Miscellaneous
 a - a condenser vane
 I - a tin of tremorstones (2/2)


   Skills:
 * Level 16.7 Fighting
 + Level 19.8 Short Blades
 + Level 8.5 Armour
 + Level 9.9 Dodging
 * Level 21.4 Stealth
 + Level 8.4 Shields
 + Level 7.4 Evocations


You had 17 spell levels left.
You didn't know any spells.
Your spell library contained the following spells:

 Spells                   Type           Power        Failure   Level
 Beastly Appendage        Tmut           #.....       30%         1
 Freeze                   Ice            #...         30%         1
 Wereblood                Tmut           #.......     43%         2
 Frozen Ramparts          Ice            #.....       67%         3
 Ozocubu's Armour         Ice            #.......     67%         3
 Spider Form              Tmut/Pois      #.........   67%         3
 Hailstorm                Conj/Ice       #.......     97%         4
 Ice Form                 Ice/Tmut       #.......     97%         4
 Summon Ice Beast         Ice/Summ       #.......     97%         4
 Blade Hands              Tmut           #.........   100%        5


Dungeon Overview and Level Annotations

Branches:
Dungeon (15/15)            Temple (0/1) D:7            Lair (6/6) D:10
  Swamp (4/4) Lair:4       Spider (0/4) Lair:3        Slime (0/5) Lair:6
    Orc (2/2) D:11            Elf (0/3) Orc:2        Vaults (0/5) D:14
 Depths (0/5) D:15          IceCv (visited)         Gauntlet (visited)

Altars:
Ashenzari
Cheibriados
Dithmenos
Elyvilon
Fedhas
Kikubaaqudgha
Nemelex Xobeh
Okawaru
Ru
Sif Muna
Trog
Uskayaw
Wu Jian
Xom
Zin
The Shining One
Jiyva

Shops:
D:7 (   D:8 *   D:10 [   Orc:2 (?:!

Portals:
Pandemonium: Orc:2
Trove: D:13 (give horn of Geryon)

Annotations:
D:5 2 transporters
Swamp:4 Lernaean hydra


Innate Abilities, Weirdness & Mutations

You are small and have problems with some larger weapons.
You are completely attuned to the shadows.
You are agile. (Dex +2)
You passively map a small area around you.


Message History

The 27-headed Lernaean hydra bites you.
* * * LOW HITPOINT WARNING * * *
The 27-headed Lernaean hydra misses you.
The 27-headed Lernaean hydra bites you!
* * * LOW HITPOINT WARNING * * *
The 27-headed Lernaean hydra bites you but does no damage.
The 27-headed Lernaean hydra closely misses you.
The 27-headed Lernaean hydra bites you.
* * * LOW HITPOINT WARNING * * *
The 27-headed Lernaean hydra barely misses you.
The 27-headed Lernaean hydra bites you.
* * * LOW HITPOINT WARNING * * *
The 27-headed Lernaean hydra bites you!
* * * LOW HITPOINT WARNING * * *
The 27-headed Lernaean hydra bites you!
* * * LOW HITPOINT WARNING * * *
The 27-headed Lernaean hydra bites you!
* * * LOW HITPOINT WARNING * * *
The 27-headed Lernaean hydra bites you!
You die...

,,≈,,≈,,≈***,,,,,,,,,*#≈≈...♣♣
,,≈,,≈≈,≈***,,,,,,,,,**♣..≈..♣
,,,,,≈≈,≈≈**,,,,,,,,,*#♣≈≈.≈♣♣
,,,,≈≈≈≈,,**#.......#*#≈.≈♣♣♣ ♣♣
≈,,≈≈,,≈,≈,*#DDDDk..#♣♣≈≈.♣ ♣♣≈
*,*≈,≈≈≈,,≈≈*#DDDDk##≈≈..♣♣ ♣.≈
***,≈≈,≈,,≈,**#kDk##♣≈♣≈≈≈♣ ♣♣.≈
***,,,,≈,*,≈..##D##.≈.♣♣≈♣♣ ♣♣(≈≈
**,,≈≈,,,,≈,..≈D@D..♣♣♣♣♣♣ ♣..§§
*,,,,≈,,≈*,,.♣≈♣≈♣.♣♣*♣♣*♣♣♣♣≈.≈≈
,,≈≈,,≈****≈≈.♣♣♣♣♣≈≈≈≈≈♣♣≈§.§♣.≈
≈,*,≈,,* **.♣* ♣♣≈≈≈≈≈≈≈..≈≈≈..
****≈≈** *** ♣.§§≈§§≈≈§.≈≈≈≈♣ *
**** ♣.≈≈≈§≈≈≈....♣♣♣
♣♣...≈≈≈≈≈§♣♣♣♣*≈ ♣♣♣...≈.≈≈≈≈≈♣
**≈≈ ♣♣♣♣≈≈≈<♣♣♣≈≈≈≈.♣**,≈≈


You could see the 27-headed Lernaean hydra, an eight-headed hydra, 2 six-headed
hydras, 2 five-headed hydras, 6 swamp dragons and 4 swamp drakes.

Vanquished Creatures
  Jorgrun (D:13)
  A fenstrider witch (Swamp:4)
  A frost giant (D:14)
  A reaper (Gauntlet)
  2 very ugly things (IceCv)
  A dire elephant (Lair:6)
  A bunyip (Swamp:3)
  A minotaur (Gauntlet)
  An eleionoma (Swamp:2)
  Josephine (D:13)
  A fire dragon (Lair:6)
  3 boulder beetles
  19 hydras
  2 ice dragons (D:15)
  A rakshasa (D:9)
  A vault guard (D:14)
  2 catoblepae
  2 centaur warriors
  2 ghost crabs
  5 two-headed ogres
  10 alligators
  2 tengu warriors (D:14)
  5 orc high priests (Orc:2)
  A queen ant (Lair:2)
  5 spriggans
  4 goliath frogs
  A sixfirhy (Orc:2)
  9 swamp dragons
  An unseen horror (D:14)
  3 spriggan druids
  2 wizards
  A gelid demonspawn (Orc:2)
  An infernal demonspawn (Orc:2)
  3 necromancers (D:14)
  2 lindwurms (Lair:6)
  8 bog bodies
  10 ugly things
  A deep elf mage (D:15)
  4 orc knights (Orc:2)
  A wolf spider (Lair:4)
  3 will-o-the-wisps
  2 oklob plants (Lair:5)
  4 cyclopes
  2 moths of wrath (Gauntlet)
  23 elephants
  6 orc sorcerers (Orc:2)
  4 manticores
  2 rust devils (Orc:2)
  5 black mambas
  5 ice statues (IceCv)
  15 cane toads
  3 centaur skeletons
  2 torpor snails
  8 rime drakes (Lair:6)
  An anaconda simulacrum (IceCv)
  7 komodo dragons
  2 ice devils (Orc:2)
  A harpy zombie (D:15)
  A meliai (D:14)
  6 jumping spiders (Lair:3)
  10 trolls
  8 tyrant leeches
  3 hornets
  A meliai zombie (D:14)
  7 slime creatures
  12 dream sheep
  35 blink frogs
  5 redbacks
  6 wyverns
  49 yaks
  A ynoxinul (Orc:2)
  A tarantella (Lair:4)
  A dire elephant simulacrum (IceCv)
  5 wraiths (D:13)
  20 humans (D:14)
  2 shadows
  7 basilisks
  A chaos spawn (Orc:2)
  18 vampire mosquitoes
  3 steam dragons
  2 harpy simulacra (IceCv)
  A warg (Orc:1)
  Menkaure (D:7)
  2 iron troll simulacra (IceCv)
  14 swamp worms
  2 acid dragons
  21 water moccasins
  8 soldier ants
  3 hydra simulacra (IceCv)
  4 swamp drakes
  2 phantoms (D:13)
  34 orc warriors
  2 sky beasts
  2 eyes of draining
  13 ice beasts
  3 black bears
  15 ogres
  14 wolves
  15 centaurs
  A big kobold (D:14)
  21 bullfrogs
  A wyvern skeleton (D:10)
  A scorpion (D:4)
  23 wights
  5 howler monkeys
  2 electric eels
  4 centaur zombies
  3 quasits
  32 orc priests
  A bullfrog zombie (D:4)
  4 hounds
  7 jellies
  A bullfrog skeleton (D:13)
  33 orc wizards
  39 worker ants
  8 iguanas
  A killer bee zombie (D:9)
  A hound zombie (D:8)
  A worker ant zombie (D:5)
  21 adders
  3 shadow imps
  3 white imps (D:6)
  2 ufetubi
  6 oozes
  3 worms
  8 dart slugs
  5 leopard geckos
  92 orcs
  A ball python (D:2)
  6 bats
  5 giant cockroaches
  10 goblins
  8 hobgoblins
  2 jackals (D:4)
  16 kobolds
  4 quokkas
  6 frilled lizards
  A jackal skeleton (D:8)
  A jackal zombie (D:3)
  4 leopard gecko skeletons
  A quokka skeleton (D:4)
  A quokka zombie (D:10)
  9 rats
985 creatures vanquished.

Vanquished Creatures (collateral kills)
  A boulder beetle (Lair:4)
1 creature vanquished.

Vanquished Creatures (others)
  An alligator (Swamp:2)
  A goliath frog (Swamp:2)
  A will-o-the-wisp (Swamp:2)
  5 bloated husks
  A swamp worm (Swamp:2)
  6 foxfires
  18 fungi
  34 plants
67 creatures vanquished.

Grand Total: 1053 creatures vanquished

Notes
Turn   | Place    | Note
-------+----------+-------------------------------------------
     0 | D:1      | Kinoniko the Kobold Berserker began the quest for the Orb.
     0 | D:1      | Reached XP level 1. HP: 14/14 MP: 1/1
   117 | D:1      | Reached XP level 2. HP: 13/19 MP: 2/2
   292 | D:1      | Reached XP level 3. HP: 21/23 MP: 3/3
   541 | D:1      | Reached ** piety under Trog
   893 | D:1      | Reached skill level 5 in Short Blades
   893 | D:1      | Reached XP level 4. HP: 29/29 MP: 4/4
  1477 | D:2      | Reached XP level 5. HP: 33/33 MP: 5/5
  1481 | D:2      | Found an ancient bone altar of Kikubaaqudgha.
  1856 | D:3      | Found a snail-covered altar of Cheibriados.
  2414 | D:3      | Reached *** piety under Trog
  2777 | D:4      | Reached XP level 6. HP: 38/38 MP: 6/6
  2876 | D:4      | Noticed an ogre
  2884 | D:4      | Killed an ogre
  3131 | D:4      | Reached XP level 7. HP: 44/44 MP: 7/7
  3131 | D:4      | Found a sacrificial altar of Ru.
  3425 | D:4      | Found a shadowy altar of Dithmenos.
  3449 | D:4      | Found a glowing golden altar of the Shining One.
  3647 | D:4      | Found a blossoming altar of Fedhas.
  3923 | D:5      | Entered Level 5 of the Dungeon
  4025 | D:5      | Reached skill level 10 in Short Blades
  4030 | D:5      | Reached XP level 8. HP: 48/48 MP: 8/8
  4038 | D:5      | Reached skill level 5 in Fighting
  4206 | D:5      | Found a transporter.
  4209 | D:5      | Noticed a kobold demonologist
  4227 | D:5      | Found a white marble altar of Elyvilon.
  4237 | D:5      | Found a transporter.
  4362 | D:5      | Reached **** piety under Trog
  5170 | D:6      | Reached XP level 9. HP: 48/55 MP: 9/9
  5429 | D:6      | Found a bloodstained altar of Trog.
  5513 | D:6      | Got a translucent lead ring
  6031 | D:6      | Found a shimmering blue altar of Sif Muna.
  6282 | D:7      | Found a broken altar of Ashenzari.
  6331 | D:7      | Noticed Menkaure
  6340 | D:7      | Killed Menkaure
  6679 | D:7      | Reached skill level 1 in Stealth
  6687 | D:7      | Reached ***** piety under Trog
  6972 | D:7      | Found a staircase to the Ecumenical Temple.
  7235 | D:7      | Found a hide-covered altar of Uskayaw.
  7370 | D:7      | Found Bodaizxofe's Antique Weapon Shop.
  7746 | D:8      | Reached skill level 2 in Stealth
  7917 | D:8      | Found a glowing silver altar of Zin.
  7934 | D:8      | Found an iron altar of Okawaru.
  8170 | D:8      | Identified the ring "Vorchinoqi" {+Inv rPois rC+ SInv} (You
                  | found it on level 6 of the Dungeon)
  8299 | D:8      | Reached XP level 10. HP: 63/63 MP: 10/10
  8406 | D:8      | Found Nuitt's General Store.
  8410 | D:8      | Bought the cursed +1 scale mail of Past Mistakes {Rampage
                  | rF+ Int-3 Slay+2} for 353 gold pieces
  8466 | D:8      | Found a shimmering altar of Xom.
  8468 | D:8      | Found a shimmering altar of Xom.
  8474 | D:8      | Found a shimmering altar of Xom.
  8477 | D:8      | Found a shimmering altar of Xom.
  8900 | D:9      | Reached skill level 3 in Stealth
  8925 | D:9      | Reached skill level 15 in Short Blades
  9018 | D:9      | Reached skill level 4 in Stealth
  9032 | D:9      | Gained mutation: You passively map a small area around you.
                  | [potion of mutation]
  9032 | D:9      | Gained mutation: You are agile. (Dex +2) [potion of
                  | mutation]
  9236 | D:9      | Noticed a rakshasa
  9367 | D:9      | Found an ornate altar of the Wu Jian Council.
  9375 | D:9      | Received a gift from Trog
  9514 | D:9      | Found a sparkling altar of Nemelex Xobeh.
  9552 | D:9      | Killed a rakshasa
  9553 | D:9      | Reached skill level 5 in Stealth
  9553 | D:9      | Reached XP level 11. HP: 69/69 MP: 5/11
  9899 | D:10     | Entered Level 10 of the Dungeon
  9946 | D:10     | Noticed a two-headed ogre
  9953 | D:10     | Killed a two-headed ogre
 10061 | D:10     | Found Ekafeb's Antique Armour Boutique.
 10186 | D:10     | Found a staircase to the Lair.
 10197 | D:10     | Reached skill level 6 in Stealth
 10702 | D:10     | Noticed a two-headed ogre
 10713 | D:10     | Killed a two-headed ogre
 10714 | D:10     | Reached skill level 10 in Fighting
 11127 | Lair:1   | Entered Level 1 of the Lair of Beasts
 11481 | Lair:1   | Reached skill level 7 in Stealth
 11487 | Lair:1   | Noticed a five-headed hydra
 11496 | Lair:1   | Killed a five-headed hydra
 11874 | Lair:1   | Reached skill level 8 in Stealth
 11874 | Lair:1   | Reached XP level 12. HP: 62/78 MP: 9/12
 12153 | Lair:1   | Reached skill level 1 in Shields
 12171 | Lair:1   | Received a gift from Trog
 12658 | Lair:2   | Noticed a queen ant
 12666 | Lair:2   | Reached skill level 9 in Stealth
 12676 | Lair:2   | Killed a queen ant
 12879 | Lair:2   | Reached skill level 10 in Stealth
 13942 | Lair:3   | Found a gate leading to a gauntlet.
 13955 | Gauntlet | Entered a Gauntlet
 13955 | Gauntlet | Found a transporter.
 13958 | Gauntlet | Found a transporter.
 13959 | Gauntlet | Found a runed translucent door.
 13962 | Gauntlet | Found a runed translucent door.
 13983 | Gauntlet | Found a runed translucent door.
 13992 | Gauntlet | Found a transporter.
 14004 | Gauntlet | Found a transporter.
 14012 | Gauntlet | Found a runed translucent door.
 14016 | Gauntlet | Noticed a reaper
 14024 | Gauntlet | Found a transporter.
 14034 | Gauntlet | Found a transporter.
 14041 | Gauntlet | Noticed a wizard
 14044 | Gauntlet | Found a transporter.
 14062 | Gauntlet | Found a transporter.
 14063 | Gauntlet | Noticed a wizard
 14081 | Gauntlet | Found a transporter.
 14093 | Gauntlet | Found a transporter.
 14109 | Gauntlet | Found a transporter.
 14196 | Gauntlet | Found a runed translucent door.
 14414 | Gauntlet | Found a transporter.
 14420 | Gauntlet | Found a transporter.
 14456 | Gauntlet | Found a transporter.
 14597 | Gauntlet | Killed a reaper
 14598 | Gauntlet | Reached skill level 11 in Stealth
 14968 | Gauntlet | Got a translucent helmet
 14973 | Gauntlet | Identified a scroll of acquirement
 14973 | Gauntlet | Acquired the +12 Vampire's Tooth {vamp}
 14974 | Gauntlet | Found the +12 Vampire's Tooth {vamp}
 15007 | Gauntlet | Noticed a minotaur
 15021 | Gauntlet | Killed a minotaur
 15067 | Gauntlet | Got a warped marble ring
 15075 | Lair:3   | Identified the +0 helmet of Jigsaw {rN+ Regen+} (You found
                  | it in a Gauntlet)
 15158 | Lair:3   | Reached XP level 13. HP: 84/84 MP: 11/13
 15170 | Lair:3   | Reached skill level 12 in Stealth
 15477 | Lair:3   | Found a hole to the Spider Nest.
 15525 | Lair:3   | Received a gift from Trog
 15652 | Lair:3   | Noticed a five-headed hydra
 15671 | Lair:3   | Killed a five-headed hydra
 15988 | Lair:3   | Noticed a boulder beetle
 16019 | Lair:3   | Killed a boulder beetle
 16407 | Lair:4   | Reached skill level 5 in Armour
 16410 | Lair:4   | Reached skill level 5 in Dodging
 16448 | Lair:4   | Reached skill level 13 in Stealth
 16557 | Lair:4   | Reached XP level 14. HP: 92/92 MP: 12/14
 16879 | Lair:4   | Found a staircase to the Swamp.
 17255 | Lair:4   | Found a runed translucent door.
 17624 | Lair:4   | Got an encrusted whip
 17691 | Lair:4   | Got a heavily runed amber ring
 17704 | Lair:4   | Identified the +9 whip "Fajeenwa" {vorpal, Int+3} (You
                  | found it on level 4 of the Lair of Beasts)
 17705 | Lair:4   | Identified the ring of Salvation {rPois MP+9 SInv} (You
                  | found it on level 4 of the Lair of Beasts)
 17706 | Lair:4   | Identified the ring "Jaunah" {+Fly rF- rN+ rCorr Str+3}
                  | (You found it in a Gauntlet)
 17863 | Lair:5   | Reached skill level 5 in Shields
 18415 | Lair:5   | Reached skill level 14 in Stealth
 18701 | Lair:6   | Entered Level 6 of the Lair of Beasts
 18927 | Lair:6   | Found a broken altar of Ashenzari.
 19158 | Lair:6   | Reached XP level 15. HP: 100/100 MP: 10/15
 19281 | Lair:6   | Found a staircase to the Slime Pits.
 19281 | Lair:6   | Found a viscous altar of Jiyva.
 19421 | Lair:6   | Reached ****** piety under Trog
 19422 | Lair:6   | Reached skill level 15 in Stealth
 19581 | Lair:6   | Got a jewelled hat
 19702 | Lair:6   | Reached skill level 1 in Evocations
 19734 | Lair:6   | Received a gift from Trog
 19786 | Lair:6   | Identified the +0 hat of the Dragon {rC+ rCorr} (You found
                  | it on level 6 of the Lair of Beasts)
 19789 | Lair:6   | Acquired a manual of Stealth
 20443 | D:11     | Reached skill level 16 in Stealth
 20672 | D:11     | Found a staircase to the Orcish Mines.
 20931 | D:11     | Got a faintly glowing lapis lazuli ring
 21464 | D:12     | Received a gift from Trog
 21469 | D:12     | Identified the ring "Yxuiw" {*Contam MP+9 Str+4 Stlth+}
                  | (You found it on level 11 of the Dungeon)
 22326 | D:13     | Reached XP level 16. HP: 101/107 MP: 16/16
 22367 | D:13     | Noticed Jorgrun
 22373 | D:13     | Killed Jorgrun
 22384 | D:13     | Reached skill level 17 in Stealth
 22519 | D:13     | Noticed Josephine
 22533 | D:13     | Killed Josephine
 22534 | D:13     | Reached skill level 15 in Fighting
 22725 | D:13     | Found a portal to a secret trove of treasure.
 23418 | D:14     | You fall into a shaft and drop 1 floor!
 23418 | D:15     | Entered Level 15 of the Dungeon
 23992 | D:14     | Found a runed translucent door.
 23996 | D:14     | Noticed a frost giant
 23998 | D:14     | Identified the cursed ring "Ofro" {*Corrode rElec rF+ Str-4
                  | Int+3 Slay+4}
 24025 | D:14     | Killed a frost giant
 24053 | D:14     | Got a smoking leather armour
 24054 | D:14     | Identified the +3 leather armour of Dishonesty {Stlth+}
                  | (You found it on level 14 of the Dungeon)
 24201 | D:14     | Reached skill level 18 in Stealth
 24337 | D:14     | Received a gift from Trog
 24352 | D:14     | Found the +2 robe of Vines {NoPotionHeal Regen+7}
 24434 | D:14     | Found a white marble altar of Elyvilon.
 24657 | D:14     | Found a gate to the Vaults.
 24857 | Orc:1    | Entered Level 1 of the Orcish Mines
 24988 | Orc:2    | Entered Level 2 of the Orcish Mines
 25117 | Orc:2    | Found a staircase to the Elven Halls.
 25497 | Orc:2    | Reached skill level 5 in Evocations
 25636 | Orc:2    | Received a gift from Trog
 25751 | Orc:2    | Reached XP level 17. HP: 113/113 MP: 14/17
 25785 | Orc:2    | Found Wyckyum's Distillery.
 25790 | Orc:2    | Found Nassedgh's Magic Scroll Shop.
 25944 | Orc:2    | Reached skill level 19 in Stealth
 26040 | Orc:2    | Found Reamodd's Book Shoppe.
 26040 | Orc:2    | Found Iwnewn's Antique Weapon Emporium.
 26040 | Orc:2    | Found a one-way gate leading to the halls of Pandemonium.
 27222 | D:15     | Found a staircase to the Depths.
 27544 | Swamp:1  | Entered Level 1 of the Swamp
 27627 | Swamp:1  | Received a gift from Trog
 28353 | Swamp:1  | Reached skill level 20 in Stealth
 29827 | Swamp:2  | Found a shimmering altar of Xom.
 30525 | Swamp:3  | Reached XP level 18. HP: 98/122 MP: 6/18
 30930 | Swamp:4  | Entered Level 4 of the Swamp
 30943 | Swamp:4  | Received a gift from Trog
 30974 | Swamp:4  | Found a frozen archway.
 30993 | IceCv    | Entered an ice cave
 31009 | IceCv    | Reached skill level 21 in Stealth
 31852 | Swamp:4  | Noticed the 27-headed Lernaean hydra
 31897 | Swamp:4  | HP: 6/183 [the 27-headed Lernaean hydra (7)]
 31897 | Swamp:4  | Mangled by the 27-headed Lernaean hydra

Illustrated notes

Levels and vault maps discovered:
D:1:      arrival_zaba_pyramid, layout_basic, corexii_leaking_fountain
D:2:      layout_loops_ring, nicolae_overflow_hidden_temple
D:3:      layout_basic, old_standard_altar
D:4:      layout_basic, fedhas_bush_and_centaur_altar, hangedman_ru_absence,
          nicolae_overflow_crystal_walls, nicolae_dithmenos_the_darkroom
D:5:      layout_loops_ring, gammafunk_temple_overflow_arena
D:6:      layout_basic, lemuel_blue_sif_altar, bloody_trog
D:7:      layout_basic, marbit_many_paths, lemuel_round_altar, serial_shops,
          nicolae_shop_waterfront, uniq_menkaure
D:8:      layout_basic, okawaru_gym_becter, overflow_temple_1_default,
          serial_shops, shop_fountains, serial_corexii_hall,
          chequers_hall_statues_wall_a, corexii_hall_statues_l, xom_shifter_show
D:9:      layout_cave_pools, old_standard_altar, old_standard_altar,
          nrook_uturn, small_statue_intersection
D:10:     layout_irregular_city, david_lair_generic, serial_shops,
          nicolae_shop_overgrown_old_shop
D:11:     layout_irregular_city, orc_0_dummy, kennysheep_generic_room_16
D:12:     layout_loops_ring
D:13:     layout_roguey, nicolae_trove_entry_columns,
          hangedman_little_slice_of_home, uniq_josephine, uniq_jorgrun
D:14:     layout_irregular_city, grunt_vaults_entry_tiered,
          minmay_misc_feat_rows, minmay_st_funbox,
          hangedman_abyss_or_decor_stabs, elyvilon_altar_4
D:15:     grunt_enter_depths_hoard, layout_long_grid,
          chequers_serial_rivers_small_b
Lair:1:   layout_concentric_octagons, serial_bayou_shore_a, grunt_megastairs_4,
          lemuel_fruit_tree
Lair:2:   layout_regular_city, zaba_antful_of_joy
Lair:3:   layout_roguey, nicolae_spider_entry_tight_spaces,
          gauntlet_entry_generic, serial_rivers, chequers_serial_rivers_room_a,
          chequers_serial_rivers_small_3, chequers_serial_rivers_marsh,
          chequers_serial_rivers_large_a, chequers_serial_rivers_micro_a,
          beast_lair_carwin_10
Lair:4:   gammafunk_indiana_jones, layout_long_grid, skrybe_swamp_entry_bodies,
          beast_lair_carwin_8, serial_bayou_shore_b, serial_bayou_shore_b
Lair:5:   layout_hall_layers, serial_bayou_shore_b, minmay_lair_oklob_chamber
Lair:6:   hangedman_lair_in_review, layout_hall_layers,
          guppyfry_lair_end_dragon, slime_altar_1, basic_altar,
          serial_bayou_shore_b
Swamp:1:  layout_basic_swamp, serial_swamp_ruin, evilmike_swamp_ruin_house_5,
          evilmike_swamp_ruin_house_1
Swamp:2:  layout_basic_swamp, nicolae_swamp_godswood, swamp_pool2,
          ldierk_geyser, grunt_witch_cave, infiniplex_staircase_pool
Swamp:3:  layout_basic_swamp, evilmike_swamp_ruin_rubble_1
Swamp:4:  swamp, layout_basic_swamp, portal_ice_cave_entry_pillars_three,
          swamp_pool5
Orc:1:    layout_diamond_mine
Orc:2:    pf_orc_diabolical, layout_caves

Skill      XL: |  1  2  3  4  5  6  7  8  9 10 11 12 13 14 15 16 17 18 |
---------------+-------------------------------------------------------+-----
Short Blades   | 5 7 8 10 12 14 16 17 18 19 | 19.8
Fighting       | 4 5 7 8 10 11 12 13 14 15 16 | 16.7
Stealth        | 2 5 8 11 13 14 16 18 20 21 | 21.4
Armour         | 2 3 5 6 7 8 |  8.5
Shields        | 3 4 6 7 8 |  8.4
Dodging        | 3 5 7 8 9 |  9.9
Evocations     | 3 5 6 7 |  7.4

Action                   |  1- 3 |  4- 6 |  7- 9 | 10-12 | 13-15 | 16-18 || total
-------------------------+-------+-------+-------+-------+-------+-------++-------
Melee: Short sword       |    91 |   169 |   411 |   587 |       |       ||  1258
       Quick blade       |       |       |       |    34 |  1153 |  1671 ||  2858
Invok: Berserk           |       |     2 |     4 |    16 |    11 |    10 ||    43
       Brothers in Arms  |       |       |       |       |     2 |       ||     2
       Trog's Hand       |       |       |       |       |     1 |     3 ||     4
  Use: Scroll            |       |       |    19 |    17 |    11 |    12 ||    59
       Potion            |       |       |       |    14 |       |     1 ||    15
 Stab: Sleeping          |     4 |     7 |     7 |    33 |    68 |    56 ||   175
       Distracted        |       |       |     2 |       |     5 |    11 ||    18
Armor: Animal skin       |     3 |       |       |       |       |       ||     3
       Ring mail         |    13 |    43 |    71 |       |       |       ||   127
       Skin              |       |       |       |    53 |       |       ||    53
       Scale mail        |       |       |       |   144 |   196 |    40 ||   380
       Robe              |       |       |       |       |       |    97 ||    97
Dodge: Dodged            |    55 |    93 |   185 |   228 |   318 |   600 ||  1479
Block: Buckler           |       |       |       |    38 |   159 |   247 ||   444

Table legend: (Time is in decaauts)
 A = Elapsed time spent in this place.
 B = Non-inter-level travel time spent in this place.
 C = Inter-level travel time spent in this place.
 D = Time resting spent in this place.
 E = Time spent auto-exploring this place.
 F = Levels seen in this place.
 G = Mean time per level.
                   A        B        C        D        E       F      G
               +--------+--------+--------+--------+--------+-----+--------+
         Total |  30044 |  28216 |   1828 |   3219 |  20882 |  29 | 1036.0 |
       Dungeon |  15620 |  14708 |    912 |   1201 |  11597 |  15 | 1041.3 |
          Lair |   7839 |   7238 |    601 |   1089 |   5268 |   6 | 1306.5 |
         Swamp |   3216 |   3085 |    131 |     34 |   2528 |   4 |  804.0 |
  Orcish Mines |   1751 |   1569 |    182 |    124 |   1120 |   2 |  875.5 |
      Ice Cave |    500 |    500 |      0 |    227 |     25 |   1 |  500.0 |
      Gauntlet |   1115 |   1115 |      0 |    543 |    343 |   1 | 1115.0 |
               +--------+--------+--------+--------+--------+-----+--------+

Top non-repeatable levels by time:
  Lair:1: 1600 daAuts
  Lair:4: 1452 daAuts
     D:6: 1389 daAuts
     D:7: 1366 daAuts
  Lair:6: 1355 daAuts
  Lair:2: 1350 daAuts
    D:10: 1328 daAuts
  Lair:3: 1296 daAuts
     D:8: 1264 daAuts
     D:4: 1198 daAuts
    D:14: 1118 daAuts
Gauntlet: 1115 daAuts
     D:1: 1094 daAuts
 Swamp:2: 1026 daAuts
   Orc:2: 1023 daAuts
